 Dungeon Crawl Stone Soup version 0.22.0-38-g04b72b8 (webtiles) character file.

16 Monsterracer the Shield-Bearer (level 2, -4/27 HPs)
             Began as a Deep Dwarf Fighter on Aug 26, 2018.
             Shot with an arrow by a centaur (9 damage)
             ... on level 2 of the Dungeon on Aug 27, 2018.
             The game lasted 00:00:13 (60 turns).

Monsterracer the Shield-Bearer (Deep Dwarf Fighter)   Turns: 60, Time: 00:00:14

Health: -4/27      AC:  6    Str: 19    XL:     2   Next: 41%
Magic:  2/2        EV:  7    Int:  8    God:
Gold:   16         SH:  9    Dex: 12    Spells: 1/1 levels left

rFire    . . .     SeeInvis .   a - +0 war axe
rCold    . . .     Gourm    .   f - +0 shield
rNeg     . . .     Faith    .   b - +0 scale mail
rPois    .         Spirit   .   (no helmet)
rElec    .         Reflect  .   (no cloak)
rCorr    .         Harm     .   (no gloves)
MR       .....                  (no boots)
Stlth    ..........             (no amulet)
HPRegen  0.00/turn              (no ring)
MPRegen  0.08/turn              (no ring)

@: non-regenerating
A: damage resistance, heal wounds, sense surroundings 1, no regeneration
a: Heal Wounds


You were on level 2 of the Dungeon.
You were not hungry.

You visited 1 branch of the dungeon, and saw 2 of its levels.

You collected 16 gold pieces.

Inventory:

Hand Weapons
 a - a +0 war axe (weapon)
Armour
 b - a +0 scale mail (worn)
 f - a +0 shield (worn)
Scrolls
 e - a scroll of remove curse {unknown}
 g - a scroll of fear {unknown}
Potions
 d - a potion of might
Comestibles
 c - a ration


   Skills:
 + Level 2.9 Fighting
 + Level 2.5 Axes
 + Level 3.5 Armour
 + Level 3.5 Shields


You had one spell level left.
You didn't know any spells.
Your spell library was empty.

Dungeon Overview and Level Annotations

Branches:
Dungeon (2/15)

Altars:


Innate Abilities, Weirdness & Mutations

You are resistant to damage.
You can heal yourself by infusing magical energy.
You passively map a small area around you.
You do not regenerate.


Message History

Press ? for a list of commands and other information.
A frilled lizard comes into view.
The frilled lizard hisses angrily.
A frilled lizard is nearby!
A frilled lizard is nearby!
A frilled lizard is nearby!
You are a level 1 Deep Dwarf Fighter.
You are 0% of the way to level 2.
Play time: 00:00:04 (7 turns)
You closely miss the frilled lizard.
The frilled lizard bites you but does no damage. x2
Your shield and scale mail prevent you from hitting the frilled lizard.
The frilled lizard closely misses you.
A frilled lizard is nearby!
You closely miss the frilled lizard. The frilled lizard barely misses you.
The frilled lizard bites you but does no damage.
A frilled lizard is nearby!
You slash the frilled lizard!
You kill the frilled lizard!
A hobgoblin comes into view.
A hobgoblin is nearby!
The hobgoblin barely misses you.
A hobgoblin is nearby!
A hobgoblin is nearby!
You slash the hobgoblin!
You kill the hobgoblin!
No target in view!
e - a scroll labeled GULOJIS TAZXUI No target in view!
g - a scroll labeled MABOADI ROEWK No target in view!
No target in view!
Found a stone staircase leading down.
No target in view!
You now have 16 gold pieces.
Found a stone staircase leading down.
No target in view!
A kobold comes into view. It is wielding a whip.
The kobold moves out of view.
No target in view!
An ooze comes into view.
The ooze quivers.
The kobold hits you but does no damage.
You hit the ooze.
The ooze is moderately wounded.
You hit the kobold. The ooze closely misses you.
The kobold hits you with a whip.
You take 4 damage, and have 16/20 hp.
There are monsters nearby!
You slash the kobold!
You kill the kobold!
Your scale mail prevents you from hitting the ooze.
You block the ooze's attack. The ooze closely misses you.
An ooze is nearby!
You slash the ooze!
You kill the ooze!
No target in view!
No target in view!
No target in view!
A jackal comes into view.
There is a stone staircase leading down here.
You climb downwards.
An adder and a centaur come into view.
The centaur shouts!
Found 3 gold pieces.
There is a stone staircase leading up here.
The centaur wields a shortbow.
The centaur shoots an arrow.
You block the arrow. The adder bites you but does no damage.
There are monsters nearby!
You closely miss the adder.
A bat comes into view.
The centaur shoots an arrow.
The arrow hits you! The adder bites you.
The centaur shoots an arrow.
The arrow hits you. The adder bites you.
You take 6 damage, and have 10/20 hp.
MASSIVE DAMAGE!!
You closely miss the adder.
The centaur shoots an arrow.
You block the arrow. You block the adder's attack.
The adder bites you but does no damage.
A goblin comes into view. It is wielding a dagger.
You slash the adder!
You kill the adder!
You have reached level 2!
You block the bat's attack. The bat closely misses you.
The centaur shoots an arrow.
You block the arrow.
You regained 3 hp, and now have 13/27 hp.
MP restored: 2 You block the bat's attack.
The centaur unwields an uncursed shortbow.
The centaur hits you but does no damage.
You block the centaur's attack. The centaur hits you.
You block the centaur's attack.
You take 3 damage, and have 10/27 hp.
The centaur barely misses you.
You see here 4 arrows.
The centaur wields an uncursed shortbow.
The centaur shoots an arrow.
The arrow hits you!
* * * LOW HITPOINT WARNING * * *
The centaur shoots an arrow.
The arrow closely misses you.
There is a stone staircase leading up here.
You see here 2 arrows.
You take 5 damage, and have 5/27 hp.
The centaur shoots an arrow.
The arrow hits you!
You die...

, , * * * *
### *
##.####.####
,
#..(@.....$#
,
,##c####.##..
.gb# * **,, ,
..#### * ...
* .. ** . * ,
* ,


You could see a centaur and a goblin.

Vanquished Creatures
  An adder (D:2)
  An ooze (D:1)
  A hobgoblin (D:1)
  A frilled lizard (D:1)
  A kobold (D:1)
5 creatures vanquished.

Notes
Turn   | Place    | Note
-------+----------+-------------------------------------------
     0 | D:1      | Monsterracer the Deep Dwarf Fighter began the quest for the Orb.
     0 | D:1      | Reached XP level 1. HP: 20/20 MP: 1/1
    49 | D:2      | Noticed a centaur
    53 | D:2      | Reached XP level 2. HP: 13/27 MP: 2/2
    60 | D:2      | Shot with an arrow by a centaur

Action                   || total
-------------------------++-------
Melee: War axe           ||    11
Armor: Scale mail        ||     6
Dodge: Dodged            ||     8
Block: Shield            ||     9

Vault maps used:
D:1:      moated_graveyard_arrival
D:2:      ashenzari_conservatory_becter, uniq_terence
